 Dungeon Crawl Stone Soup version 0.29.1-1-gd02db6906a (webtiles) character file.

Game seed: 12314019335080121325

298 dave1331 the Shooter (level 6, -1/33 HPs)
             Began as a Gargoyle Hunter on Oct 3, 2022.
             Slain by a hound (4 damage)
             ... on level 5 of the Dungeon.
             The game lasted 00:10:33 (3566 turns).

dave1331 the Shooter (Gargoyle Hunter)              Turns: 3566, Time: 00:10:33

Health: -1/33      AC:  8    Str: 21    XL:     6   Next: 36%
Magic:  6/6        EV: 12    Int: 13    God:
Gold:   224        SH:  0    Dex: 14    Spells: 5/5 levels left

rFire   . . .      SeeInvis +   d - +3 arbalest (venom)
rCold   . . .      Faith    .   (shield currently unavailable)
rNeg    + . .      Spirit   .   q - +1 leather armour of Cyhuohal {-Cast Str+7 Stlth+}
rPois   ∞          Reflect  .   (no helmet)
rElec   +          Harm     .   (no cloak)
rCorr   .          Rampage  .   (no gloves)
Will    .....      NoCast   +   (no boots)
Stlth   +++.......              (no amulet)
HPRegen 0.11/turn               k - ring of see invisible
MPRegen 0.10/turn               (no ring)

@: no status effects
A: sickness immunity, AC +4, negative energy resistance 1, electricity
resistance, torment resistance 1, petrification resistance, clever 1, frail 1
a: no special abilities


You were on level 5 of the Dungeon.
You visited 1 branch of the dungeon, and saw 5 of its levels.

You collected 224 gold pieces.

Inventory:

Hand Weapons
 a - a +0 shortbow
 d - a +3 arbalest of venom (weapon)
Armour
 c - a +0 leather armour
 q - the +1 leather armour of Cyhuohal (worn) {-Cast Str+7 Stlth+}
   (You found it on level 3 of the Dungeon)

   Str:       It affects your strength (+7).
   -Cast:     It prevents spellcasting.
   Stlth:     It makes you more stealthy.
Jewellery
 k - a ring of see invisible (left hand)
Wands
 r - a wand of digging (8)
 v - a wand of mindburst (10)
Scrolls
 b - 2 scrolls of immolation
 g - 3 scrolls of teleportation
 m - 5 scrolls of identify
 n - 3 scrolls of butterflies
Potions
 f - 3 potions of might
 h - 3 potions of curing
 i - a potion of heal wounds
 l - a potion of mutation
 o - a potion of resistance
 p - a potion of brilliance {unknown}
 s - 2 potions of flight {unknown}


   Skills:
 + Level 3.2 Fighting
 + Level 6.5 Ranged Weapons
 + Level 2.0 Armour
 + Level 1.8 Dodging
 + Level 1.7 Stealth


You had 5 spell levels left.
You didn't know any spells.
Your spell library contained the following spells:

 Spells                   Type           Power      Damage    Failure   Level
 Magic Dart               Conj           0%         1d3       34%         1
 Sandblast                Erth           0%         2d4       34%         1
 Slow                     Hex            0%         N/A       34%         1
 Call Imp                 Summ           0%         N/A       47%         2
 Passwall                 Tmut/Erth      0%         N/A       47%         2
 Confusing Touch          Hex            0%         N/A       71%         3
 Gell's Gravitas          Tloc           0%         N/A       71%         3
 Lesser Beckoning         Tloc           0%         N/A       71%         3
 Mephitic Cloud           Conj/Pois/Air  0%         N/A       71%         3
 Stone Arrow              Conj/Erth      0%         3d7       71%         3
 Teleport Other           Tloc           0%         N/A       71%         3
 Vampiric Draining        Necr           0%         2d6       71%         3


Dungeon Overview and Level Annotations

Branches:
Dungeon (5/15)             Temple (0/1) D:4

Altars:
Cheibriados
Okawaru
Sif Muna
Vehumet
Wu Jian


Innate Abilities, Weirdness & Mutations

You are immune to sickness and miasma.
Your stone body is resilient. (AC +4)
You are immune to poison.
You resist negative energy. (rN+)
You are resistant to electric shocks. (rElec)
You are resistant to unholy torment.
You are immune to petrification.
Your mind is acute. (Int +4, Str/Dex -1)
You are frail. (-10% HP)


Message History

You shoot a bolt. The bolt barely misses the hound.
The hound bites you but does no damage.
You shoot a bolt. The bolt barely misses the hound.
The bolt barely misses the water moccasin.
The hound misses you. x2
You shoot a bolt. The bolt barely misses the hound.
The hound closely misses you. The hound misses you.
The water moccasin bites you. The hound barely misses you.
You shoot a bolt.
The bolt barely misses the water moccasin.
The water moccasin bites you but does no damage.
The hound bites you. The water moccasin closely misses you.
The hound bites you but does no damage. The water moccasin bites you!
You shoot a bolt. The bolt misses the water moccasin.
The hound barely misses you. The water moccasin barely misses you.
The hound barely misses you. The water moccasin bites you.
The hound barely misses you.
You are too injured to fight recklessly!
You are too injured to fight recklessly!
You are too injured to fight recklessly!
You are too injured to fight recklessly!
You are too injured to fight recklessly!
The water moccasin misses you. The water moccasin bites you!
* * * LOW HITPOINT WARNING * * *
The water moccasin attacks as you move away!
The water moccasin barely misses you. The hound bites you.
* * * LOW HITPOINT WARNING * * *
The hound bites you but does no damage. The water moccasin barely misses you.
The hound bites you but does no damage. The water moccasin bites you.
* * * LOW HITPOINT WARNING * * *
The hound attacks as you move away! The hound closely misses you.
The water moccasin attacks as you move away!
The water moccasin bites you but does no damage.
You see here a scroll of immolation.
The water moccasin attacks as you move away!
The water moccasin barely misses you. The hound completely misses you.
The hound attacks as you move away! The hound closely misses you.
The water moccasin barely misses you. The hound bites you.
You die...

.. ..#
................ ...
.. ................
#.. #. #.............
..##.###...........#
##....#............#..
#.......†.....!......
#...S...!?.....#
#.@h.?......<#
#.........##.#
#....###.##### ##.#.#
### #####


You could see a water moccasin and a hound.

Vanquished Creatures
  A scorpion (D:5)
  A jelly (D:5)
  An orc priest (D:4)
  A hound (D:4)
  Ijyb (D:3)
  An orc wizard (D:4)
  An adder (D:3)
  A white imp (D:4)
  A dart slug (D:1)
  7 orcs (D:4)
  11 ball pythons
  2 bats
  7 endoplasms
  2 giant cockroaches
  7 hobgoblins
  3 jackals (D:4)
  4 kobolds
  5 quokkas
  4 frilled lizards
  9 goblins
  6 rats
76 creatures vanquished.

Notes
Turn   | Place    | Note
-------+----------+-------------------------------------------
     0 | D:1      | dave1331 the Gargoyle Hunter began the quest for the Orb.
     0 | D:1      | Reached XP level 1. HP: 12/12 MP: 1/1
   105 | D:1      | Reached XP level 2. HP: 17/18 MP: 2/2
   313 | D:1      | Reached XP level 3. HP: 21/22 MP: 3/3
   827 | D:1      | Identified a scroll of acquirement
   827 | D:1      | Acquired a +2 arbalest of flaming
   981 | D:2      | Found a shimmering blue altar of Sif Muna.
  1557 | D:3      | Reached skill level 5 in Ranged Weapons
  1733 | D:3      | Reached XP level 4. HP: 27/27 MP: 4/4
  1769 | D:3      | Identified the +1 leather armour of Cyhuohal {-Cast Str+7
                  | Stlth+}
  1770 | D:3      | Found a snail-covered altar of Cheibriados.
  1845 | D:3      | Found a radiant altar of Vehumet.
  1930 | D:3      | Noticed Ijyb
  1932 | D:3      | Killed Ijyb
  2391 | D:4      | Found an iron altar of Okawaru.
  2411 | D:4      | Reached skill level 1 in Armour
  2429 | D:4      | Reached XP level 5. HP: 31/31 MP: 5/5
  2627 | D:4      | Found a staircase to the Ecumenical Temple.
  2913 | D:4      | Found the +4 robe of Augmentation {Str+4 Int+4 Dex+4}
  2923 | D:4      | Found an ornate altar of the Wu Jian Council.
  2981 | D:4      | Reached skill level 6 in Ranged Weapons
  3301 | D:4      | Gained mutation: You are frail. (-10% HP) [potion of
                  | mutation]
  3301 | D:4      | Gained mutation: Your mind is acute. (Int +4, Str/Dex -1)
                  | [potion of mutation]
  3506 | D:5      | Entered Level 5 of the Dungeon
  3509 | D:5      | Reached XP level 6. HP: 33/33 MP: 6/6
  3550 | D:5      | Noticed a water moccasin
  3566 | D:5      | Slain by a hound

Illustrated notes

Levels and vault maps discovered:
D:1:      heliophobic_arrival_dark_side_of_the_moon, layout_loops_ring,
          corner_web_ring, minmay_misc_feat_plants, minmay_misc_feat_five,
          minmay_misc_feat_roman, amcnicky_mini_rare_corridor_liquid,
          minmay_cupped
D:2:      layout_basic, basic_altar, chequers_big_river
D:3:      layout_rooms, nicolae_vehumet_radiance,
          mainiacjoe_overflow_cross_hatched, uniq_ijyb
D:4:      layout_gridville, nicolae_wu_jian_immortal_techniques,
          mainiacjoe_overflow_small_starburst, minmay_temple_entry_glassed_door,
          kennysheep_generic_room_6
D:5:      layout_cave_pools, nicolae_gozag_cash_rules_everything_around_me,
          uniq_crazy_yiuf_cottage

Skill      XL: |  1  2  3  4  5  6 |
---------------+-------------------+-----
Ranged Weapons | 5 6 |  6.5
Armour         | 1 2 |  2.0
Fighting       | 3 |  3.2
Dodging        | |  1.8
Stealth        | |  1.7

Action                   |  1- 3 |  4- 6 || total
-------------------------+-------+-------++-------
 Fire: Shortbow          |    95 |       ||    95
       Arbalest          |    28 |    67 ||    95
  Use: Scroll            |     1 |     8 ||     9
       Potion            |       |     7 ||     7
Armor: Leather armour    |    22 |    16 ||    38
Dodge: Dodged            |    37 |    31 ||    68
